 Dungeon Crawl Stone Soup version 0.31-a0-222-gefeffbb62a (webtiles) character file.

Game seed: 13357793735096770353

100 coffeetime the Shooter (level 4, -3/37 HPs)
             Began as a Minotaur Hunter on July 5, 2023.
             Was a Follower of Cheibriados.
             Asphyxiated
             ... in a sewer.
             The game lasted 00:05:48 (1852 turns).

coffeetime the Shooter (Minotaur Hunter)            Turns: 1852, Time: 00:05:48

Health: -3/37      AC:  5    Str: 18    XL:     4   Next: 46%
Magic:  0/3        EV: 12    Int:  9    God:    Cheibriados [*.....]
Gold:   127        SH:  0    Dex: 19    Spells: 3/3 levels left

rFire   . . .        a - +0 shortbow
rCold   . . .        (shield currently unavailable)
rNeg    . . .        g - +0 ring mail
rPois   .            (helmet restricted)
rElec   .            (no cloak)
rCorr   .            (no gloves)
SInv    .            (no boots)
Will    .....        (no amulet)
Stlth   +            (no ring)
HPRegen 0.26/turn    (no ring)
MPRegen 0.08/turn

%: no passive effects
@: lethally poisoned (-3 -> -39), slowed, very slow
A: horns 2, retaliatory headbutt
a: Renounce Religion, Bend Time


You were in a sewer.
You worshipped Cheibriados.
Cheibriados was aware of your devotion.
You visited 1 branch of the dungeon, and saw 3 of its levels.
You also visited: Sewer.

You collected 127 gold pieces.

Inventory:

Hand Weapons
 a - a +0 shortbow (weapon)
 f - a +0 vampiric dagger
Missiles
 h - 6 poisoned darts
 j - 5 javelins
Armour
 c - a +0 leather armour
 g - a +0 ring mail (worn)
Scrolls
 b - a scroll of butterflies
 d - a scroll of blinking {unknown}
 i - a scroll of immolation {unknown}
 k - 3 scrolls of identify {unknown}
 m - a scroll of noise {unknown}
 n - a scroll of amnesia {unknown}
 p - a scroll of fear {unknown}
Potions
 e - a potion of curing {unknown}
 l - a potion of attraction {unknown}
 o - 2 potions of invisibility {unknown}


   Skills:
 + Level 2.9 Fighting
 + Level 6.0 Ranged Weapons
 + Level 1.4 Armour
 + Level 2.3 Dodging
 + Level 0.7 Stealth


You had 3 spell levels left.
You didn't know any spells.
Your spell library contained the following spells:

 Spells                   Type           Power      Damage    Failure   Level
 Foxfire                  Conj/Fire      0%         2x1d4     58%         1
 Ensorcelled Hibernation  Hex/Ice        0%         N/A       73%         2
 Passwall                 Tmut/Erth      0%         N/A       73%         2
 Dazzling Flash           Conj/Hex       0%         N/A       91%         3
 Swiftness                Air            0%         N/A       91%         3
 Volatile Blastmotes      Fire/Tloc      0%         2d10      91%         3
 Iskenderun's Mystic Bla  Conj/Tloc      0%         2d3       100%        4
 Fireball                 Conj/Fire      0%         3d3       100%        5
 Plasma Beam              Fire/Air       0%         2x1d10    100%        6
 Starburst                Conj/Fire      0%         6d3       100%        6


Dungeon Overview and Level Annotations

Branches:
Dungeon (3/15)              Sewer (1/1)

Altars:
Cheibriados


Innate Abilities, Weirdness & Mutations

You have a pair of horns on your head.
You reflexively headbutt those who attack you in melee.


Message History

No target in view!
You open the large door. 3 kobold brigands and a kobold come into view.
A kobold brigand is wielding a +0 dagger and quivering curare-tipped darts.
A kobold brigand is wielding a +0 short sword of protection and quivering curare-tipped darts.
A kobold brigand is wielding a +0 short sword and quivering curare-tipped darts.
The kobold is wielding a +1 whip of flaming.
The kobold brigand shouts! x3
The kobold throws a stone.
The stone closely misses you.
Found 2 clear potions, a lumpy ruby potion and a fizzy emerald potion.
Found a gate leading back out of this place.
You fail to use your ability.
The kobold brigand hits you but does no damage.
The kobold brigand throws a curare-tipped dart.
The curare-tipped dart hits you.
You are poisoned.
You have difficulty breathing.
You feel yourself slow down. The flow of time bends around you.
Cheibriados rebukes the kobold brigand.
The kobold brigand seems to slow down.
You feel very sick.
The kobold brigand throws a curare-tipped dart.
The curare-tipped dart hits you.
You are lethally poisoned!
You have difficulty breathing.
You feel as though you will be slow longer.
The kobold brigand hits you with a +0 dagger.
You are too injured to fight recklessly!
You are too injured to fight recklessly!
You are too injured to fight recklessly!
You are too injured to fight recklessly!
You shoot an arrow. The arrow hits the kobold brigand.
The kobold brigand is lightly wounded.
* * * LOW HITPOINT WARNING * * *
You feel extremely sick. The kobold brigand closely misses you.
The kobold brigand hits you with a +0 dagger.
* * * LOW HITPOINT WARNING * * *
The kobold brigand throws a curare-tipped dart.
The curare-tipped dart hits you.
You are more poisoned.
You have difficulty breathing.
You die...

#...#....#)P~~P~..P.....P~~
###'########~~############~
#≈~~~~~~~~~~~~~~~~~~~~ ~
#≈≈~≈≈≈≈≈~≈≈≈≈≈~≈≈≈≈≈~ ≈
#≈~~~~~~~~~~~~~~~~~~~~ ~
#################~~~#######
#..!.#....P~P~~~~~P...P
#!∩.!K.....~~~~..~~P..~
#...K'@.....~..........
#..!K#K......P.........
#### #.................
##..P.†.P.........
#.........##.....
#######..####...# ####
#####


You could see 3 kobold brigands and a kobold.

Vanquished Creatures
  5 adders (D:2)
  4 dart slugs
  6 ball pythons
  An endoplasm (D:2)
  3 giant cockroaches
  3 goblins
  2 hobgoblins
  3 quokkas
  3 bats
  A frilled lizard (D:1)
  10 kobolds
  6 rats
47 creatures vanquished.

Notes
Turn   | Place    | Note
-------+----------+-------------------------------------------
     0 | D:1      | coffeetime the Minotaur Hunter began the quest for the Orb.
     0 | D:1      | Reached XP level 1. HP: 18/18 MP: 0/0
   415 | D:1      | Reached XP level 2. HP: 25/25 MP: 1/1
   720 | D:1      | Reached skill level 5 in Ranged Weapons
   959 | D:2      | Reached XP level 3. HP: 28/30 MP: 2/2
  1075 | D:2      | Reached skill level 1 in Armour
  1252 | D:2      | Reached XP level 4. HP: 37/37 MP: 3/3
  1335 | D:2      | Found a faded altar of an unknown god.
  1349 | D:2      | Prayed at the altar of an unknown god.
  1349 | D:2      | Became a worshipper of Cheibriados the Contemplative
  1349 | D:2      | Reached * piety under Cheibriados
  1649 | D:3      | Found a glowing drain.
  1654 | D:3      | Reached skill level 6 in Ranged Weapons
  1661 | Sewer    | Entered a sewer
  1849 | Sewer    | Noticed a kobold brigand
  1849 | Sewer    | Noticed a kobold brigand
  1849 | Sewer    | Noticed a kobold brigand
  1852 | Sewer    | Asphyxiated

Illustrated notes

Levels and vault maps discovered:
D:1:      ldierk_walled_garden, layout_basic, minmay_tree_intersection,
          minmay_misc_feat_enclosed
D:2:      layout_rooms, dreamdust_ecumenical_altar_hidden_monk_grotto
D:3:      layout_basic, portal_sewer_entry_b
Sewer:    kennysheep_pipe_town

Skill      XL: |  1  2  3  4 |
---------------+-------------+-----
Ranged Weapons | 5 6 |  6.0
Armour         | 1 |  1.4
Fighting       | |  2.9
Dodging        | |  2.3
Stealth        | |  0.7

Action                     |  1- 3 |  4- 6 || total
---------------------------+-------+-------++-------
   Fire: Shortbow          |    67 |    42 ||   109
 Invoke: Bend Time         |       |     1 ||     1
 Armour: Ring mail         |    10 |    11 ||    21
         Leather armour    |     1 |       ||     1
  Dodge: Dodged            |    17 |    23 ||    40

Table legend: (Time is in decaauts)
 A = Elapsed time spent in this place.
 B = Non-inter-level travel time spent in this place.
 C = Inter-level travel time spent in this place.
 D = Time resting spent in this place.
 E = Time spent auto-exploring this place.
 F = Levels seen in this place.
 G = Mean time per level.
                   A        B        C        D        E       F      G
               +--------+--------+--------+--------+--------+-----+--------+
         Total |   2067 |   1753 |    314 |     30 |   1368 |   4 |  516.8 |
       Dungeon |   1793 |   1479 |    314 |     30 |   1183 |   3 |  597.7 |
         Sewer |    274 |    274 |      0 |      0 |    185 |   1 |  274.0 |
               +--------+--------+--------+--------+--------+-----+--------+

Top non-repeatable levels by time:
     D:1: 903 daAuts
     D:2: 611 daAuts
     D:3: 279 daAuts
   Sewer: 274 daAuts
